 Dungeon Crawl Stone Soup version 0.17-a0-1945-gfe993df (webtiles) character file.

65356 dickyta the Fencer (level 14, -13/193 HPs)
             Began as a Minotaur Berserker on Oct 1, 2015.
             Was the Champion of Trog.
             Killed from afar by a guardian serpent (20 damage)
             ... with a bolt of poison
             ... on level 8 of the Lair of Beasts.
             The game lasted 02:12:33 (17444 turns).

dickyta the Fencer (Minotaur Berserker)            Turns: 17444, Time: 02:12:33

Health: -13/193    AC: 23    Str: 35    XL:     14   Next: 75%
Magic:  15/15      EV: 13    Int:  4    God:    Trog [******]
Gold:   1531       SH:  0    Dex: 10    Spells: 0 memorised, 13 levels left

rFire  . . .     SeeInvis .     o - +4 triple sword (venom)
rCold  . . .     Clarity  .     C - +0 plate armour
rNeg   . . .     SustAt   .     (no shield)
rPois  .         Gourm    .     (helmet restricted)
rElec  .         Spirit   .     G - +0 cloak
rCorr  .         Warding  .     e - +0 pair of gloves
rMut   .         Stasis   .     H - +1 pair of boots
MR     +....                    j - amulet of regeneration
Stlth  ..........               T - +2 ring of protection
                                R - +3 ring of strength

@: berserking (expiring), lethally poisoned (-13 -> -107), slowed, somewhat
resistant to hostile enchantments, extremely unstealthy
A: retaliatory headbutt, horns 2
a: Burn Spellbooks, Berserk, Trog's Hand, Brothers in Arms, Renounce Religion


You were on level 8 of the Lair of Beasts.
You worshipped Trog.
Trog was exalted by your worship.
You were not hungry.

You visited 2 branches of the dungeon, and saw 20 of its levels.
You also visited: Ice Cave and Volcano.

You collected 1723 gold pieces.
You spent 192 gold pieces at shops.

Inventory:

Hand weapons
 o - a +4 triple sword of venom (weapon)
 p - the +5 lajatang of Dishonesty {pain, rPois rC+ rN+ MR+}
   (You found it on level 7 of the Lair of Beasts)

   In the hands of one skilled in necromantic magic, it inflicts extra damage on
   living creatures.
   It protects you from cold.
   It protects you from poison.
   It protects you from negative energy.
   It affects your resistance to hostile enchantments.
 u - the +8 battleaxe of the Warrior-Mage {freeze, +Blink rF+ Int+2 Dex-4}
   (You found it on level 7 of the Lair of Beasts)

   It has been specially enchanted to freeze those struck by it, causing extra
   injury to most foes and up to half again as much damage against particularly
   susceptible opponents.
   It can also slow down cold-blooded creatures.
   It affects your intelligence (+2).
   It affects your dexterity (-4).
   It protects you from fire.
   It lets you blink.
 w - a +3 antimagic double sword
 A - a +3 great sword of freezing
Missiles
 O - 3 silver javelins (quivered)
Armour
 e - a +0 pair of gloves (worn)
 k - a +0 ice dragon armour
 x - the +5 ring mail of Upteof {rN+ SInv Stlth+}
   (You found it on level 3 of the Lair of Beasts)

   It protects you from negative energy.
   It lets you see invisible.
   It makes you more stealthy.
 C - a +0 plate armour (worn)
 G - a +0 cloak (worn)
 H - a +1 pair of boots (worn)
 U - a +2 ring mail of fire resistance
Jewellery
 a - an uncursed ring of invisibility
 f - the ring "Wipn" {Wiz *Contam Int+6 Dex+7}
   (You found it in an ice cave)

   [ring of wizardry]

   It improves your spell success rate.
   It affects your intelligence (+6).
   It affects your dexterity (+7).
   It causes magical contamination when unequipped.
 j - an amulet of regeneration (around neck)
 l - an uncursed ring of positive energy
 y - an uncursed ring of protection from fire
 Q - an uncursed ring of sustain attributes
 R - a +3 ring of strength (left hand)
 T - a +2 ring of protection (right hand)
 X - an uncursed ring of ice
Magical devices
 t - a wand of confusion (40)
 E - a wand of polymorph (6)
 M - a wand of digging (19)
 N - a wand of digging (10)
 V - a wand of confusion (17)
 Y - a wand of confusion (17)
 Z - a wand of enslavement (15)
Scrolls
 g - 2 scrolls of identify
 m - 2 scrolls of enchant armour
 I - a scroll of enchant weapon
 J - a scroll of recharging
 K - 3 scrolls of teleportation
 P - 4 scrolls of remove curse
Potions
 d - 3 potions of cancellation
 i - 3 potions of agility
 n - a potion of magic
 q - 2 potions of heal wounds
 r - a potion of resistance
 B - 3 potions of curing
 F - 3 potions of lignification
 W - a potion of cure mutation
Miscellaneous
 b - a disc of storms
 L - a fan of gales
Comestibles
 c - 8 bread rations
 h - 3 meat rations
 s - 4 chunks of flesh
 v - 4 beef jerkies
 z - a slice of pizza
 D - 10 fruits


   Skills:
 + Level 13.4 Fighting
 * Level 18.8 Long Blades
   Level 7.9(8.2) Maces & Flails
 + Level 2.6(5.7) Staves
 + Level 13.5 Armour
 * Level 11.4 Dodging
 * Level 3.0 Evocations


You had 13 spell levels left.
You didn't know any spells.

Dungeon Overview and Level Annotations

Branches:
Dungeon (12/15)            Temple (0/1) D:6            Lair (8/8) D:9
 Shoals (0/4) Lair:4       Spider (0/4) Lair:5          Orc (0/4) D:12
  Slime: Lair:6-8

Altars:
Cheibriados
Elyvilon
Qazlal
Zin
The Shining One

Shops:
D:5 !   D:6 [


Innate Abilities, Weirdness & Mutations

You reflexively headbutt those who attack you in melee.
You have a pair of horns on your head.


Message History

You cut the hornet into ribbons!!!
You kill the hornet!
Trog accepts your kill.
Your Evocations skill increases to level 3!
* * * LOW HITPOINT WARNING * * *
You feel extremely sick.
The wolf spider hits you but does no damage.
The wolf spider closely misses you. The spiny frog misses you.
You furiously retaliate!
You headbutt the spiny frog!
The spiny frog stings you but does no damage.
You closely miss the spiny frog. You headbutt the spiny frog!!
You kill the spiny frog!
Trog accepts your kill.
* * * LOW HITPOINT WARNING * * *
You feel extremely sick. The wolf spider misses you.
The wolf spider closely misses you.
The guardian serpent coils itself and waves its upper body at you.
The bolt of poison hits you!
You are more poisoned.
You die...

#....##....## ##...†##P.....
#..PP.##....#......#....##.P..P..
.. P...##...##....##...##..†.....
. P....##...#....#...##....P..#.
#.....##..##..##..##.....#.P.#
#....##†.#..#..##....###....
#..(##.#..#.##...###.P....
#.÷††#sS### .#P ...P....
###†..F@†# # ....PP.. ##..PP..#
......P. #......# ........
##....## ..P..... ###### ........
##.P.... ###.... #....


SPa... You could see a wolf spider, a guardian serpent and a spiny frog.

Vanquished Creatures
  Rupert (Lair:6)
  Nessos (Lair:5)
  Snorg (Lair:8)
  Fannar (Lair:1)
  An ice dragon (IceCv)
  4 hydras
  2 catoblepae
  A centaur warrior (D:12)
  5 death yaks (Lair:7)
  The ghost of zigs the Fighter, an experienced OgBe of Trog (D:7)
  2 skeletal warriors (D:11)
  A fire crab (Lair:8)
  3 hill giants
  2 ugly things
  7 griffons
  A cyclops (D:11)
  7 black mambas
  A hornet (Lair:8)
  Joseph (D:7)
  6 elephants
  13 spiny frogs
  A gargoyle (Volcano)
  A manticore (Lair:4)
  A molten gargoyle (Volcano)
  A torpor snail (Lair:7)
  A kobold demonologist (D:11)
  A fire drake (Lair:5)
  4 komodo dragons
  2 trolls
  2 two-headed ogres (D:10)
  4 slime creatures (D:12)
  A boulder beetle (Lair:8)
  A wraith (D:11)
  14 blink frogs
  A redback (Lair:5)
  Sigmund (D:4)
  31 yaks
  A deep elf mage (D:12)
  A spriggan (D:8)
  2 basilisks
  Eustachio (D:4)
  2 hungry ghosts
  A steam dragon (D:8)
  12 hippogriffs
  A soldier ant (D:12)
  4 wyverns
  16 wolves
  10 porcupines
  23 water moccasins
  4 sky beasts
  Duvessa (D:4)
  3 wasps (Lair:8)
  10 spiders
  5 orc warriors
  5 black bears
  19 ice beasts
  2 eyes of draining
  3 phantoms
  7 necrophages (Lair:5)
  8 centaurs
  A gnoll sergeant (D:11)
  19 giant frogs
  A big kobold (D:11)
  9 crocodiles
  4 ogres
  12 wights
  Dowan (D:4)
  A wyvern skeleton (D:9)
  3 scorpions
  7 killer bees
  2 electric eels
  3 crimson imps
  2 jellies
  3 quasits
  7 hounds
  8 orc wizards
  A giant frog zombie (D:12)
  5 orc priests
  Ijyb (D:3)
  3 giant frog skeletons (D:12)
  3 centaur skeletons
  9 iguanas
  16 worker ants
  7 sheep
  A worker ant zombie (D:7)
  A hound skeleton (D:11)
  9 gnolls
  Robin (D:4)
  59 river rats
  16 adders
  12 white imps (Lair:3)
  2 shadow imps (D:8)
  2 oozes
  An adder skeleton (D:8)
  6 worms
  2 giant geckos
  42 orcs
  12 hobgoblins
  12 kobolds
  5 quokkas
  3 ball pythons
  4 bats
  11 giant cockroaches
  A giant gecko zombie (D:7)
  2 giant newts
  18 goblins
  2 jackals (D:1)
  A quokka zombie (D:7)
  5 rats (D:1)
  A bush (Lair:5)
629 creatures vanquished.

Vanquished Creatures (collateral kills)
  An ettin (D:11)
  An ice dragon (IceCv)
  A hydra (D:12)
  A hill giant (D:11)
  A torpor snail (Lair:8)
  A kobold demonologist (D:11)
  3 blink frogs (Lair:8)
  2 two-headed ogres (D:11)
  5 yaks (Lair:8)
  A quasit (D:12)
  A worker ant (Lair:8)
  3 kobolds (D:11)
21 creatures vanquished.

Vanquished Creatures (others)
  7 fungi
  A plant (Lair:8)
8 creatures vanquished.

Grand Total: 658 creatures vanquished

Notes
Turn   | Place    | Note
--------------------------------------------------------------
     0 | D:1      | dickyta the Minotaur Berserker began the quest for the Orb.
     0 | D:1      | Reached XP level 1. HP: 19/19 MP: 0/0
   275 | D:1      | Reached XP level 2. HP: 25/27 MP: 1/1
   429 | D:1      | Reached skill level 4 in Maces & Flails
   906 | D:2      | Acquired Trog's second power
   923 | D:2      | Reached XP level 3. HP: 29/33 MP: 2/2
  1808 | D:3      | Noticed Ijyb
  1827 | D:3      | Killed Ijyb
  1827 | D:3      | Reached XP level 4. HP: 40/40 MP: 3/3
  1946 | D:3      | Found a glowing golden altar of the Shining One.
  2362 | D:3      | Reached XP level 5. HP: 41/46 MP: 4/4
  2491 | D:4      | Noticed Dowan
  2492 | D:4      | Noticed Duvessa
  2500 | D:4      | Killed Dowan
  2505 | D:4      | Killed Duvessa
  2505 | D:4      | Reached XP level 6. HP: 55/55 MP: 5/5
  2520 | D:4      | Reached skill level 5 in Maces & Flails
  2545 | D:4      | Noticed Robin
  2561 | D:4      | Killed Robin
  2618 | D:4      | Noticed Sigmund
  2651 | D:4      | Gained mutation: Your spells are a little harder to cast, but a little more powerful. [potion of beneficial mutation]
  2654 | D:4      | Reached skill level 5 in Fighting
  2656 | D:4      | Reached skill level 5 in Dodging
  2662 | D:4      | Killed Sigmund
  2662 | D:4      | Reached XP level 7. HP: 61/61 MP: 6/6
  2709 | D:4      | Noticed Eustachio
  2734 | D:4      | Killed Eustachio
  2734 | D:4      | Reached skill level 5 in Armour
  2734 | D:4      | Reached skill level 6 in Dodging
  3098 | D:5      | Entered Level 5 of the Dungeon
  3147 | D:5      | Acquired Trog's third power
  3216 | D:5      | Reached XP level 8. HP: 51/70 MP: 7/7
  3391 | D:5      | Found a snail-covered altar of Cheibriados.
  3394 | D:5      | Found Forillaps's Distillery.
  3409 | D:5      | Bought a potion of mutation for 27 gold pieces
  3409 | D:5      | Bought 2 potions of heal wounds for 110 gold pieces
  3409 | D:5      | Bought a potion of heal wounds for 55 gold pieces
  3409 | D:5      | Gained mutation: Your magical capacity is low (-10% MP). [potion of mutation]
  3409 | D:5      | Gained mutation: You can breathe flames. [potion of mutation]
  3409 | D:5      | Gained mutation: You are resistant to hostile enchantments. [potion of mutation]
  3578 | D:5      | Found a stormy altar of Qazlal.
  3661 | D:6      | Reached skill level 7 in Maces & Flails
  3775 | D:6      | Reached skill level 1 in Long Blades
  3899 | D:6      | Found a staircase to the Ecumenical Temple.
  3908 | D:6      | Found Ethaol's Antique Armour Shoppe.
  4079 | D:6      | Reached XP level 9. HP: 71/79 MP: 7/7
  4398 | D:7      | Noticed Joseph
  4415 | D:7      | Killed Joseph
  4415 | D:7      | Reached skill level 8 in Fighting
  4415 | D:7      | Reached skill level 5 in Long Blades
  4727 | D:7      | Identified a scroll of acquirement
  4737 | D:7      | Noticed zigs's ghost (experienced OgBe)
  4747 | D:7      | Killed zigs's ghost
  4874 | D:7      | Received a gift from Trog
  4882 | D:7      | Reached XP level 10. HP: 70/90 MP: 8/8
  5341 | D:8      | Reached skill level 9 in Fighting
  5759 | D:8      | Found a glowing silver altar of Zin.
  6264 | D:9      | Found a staircase to the Lair.
  6276 | Lair:1   | Entered Level 1 of the Lair of Beasts
  6276 | Lair:1   | Noticed Fannar
  6303 | D:10     | Entered Level 10 of the Dungeon
  6512 | D:10     | Reached skill level 10 in Long Blades
  6550 | D:10     | Got a faintly glowing trident
  6567 | D:10     | Identified the +6 trident of Gaet {pierce, rElec Str+4 Dex-4 Stlth+} (You found it on level 10 of the Dungeon)
  6812 | D:10     | Noticed a hill giant
  6820 | D:10     | Killed a hill giant
  6820 | D:10     | Reached XP level 11. HP: 99/99 MP: 8/8
  7033 | D:10     | Reached skill level 11 in Long Blades
  7143 | D:11     | Reached skill level 10 in Armour
  7192 | D:11     | Reached skill level 10 in Fighting
  7475 | D:11     | Noticed a five-headed hydra
  7486 | D:11     | Noticed a skeletal warrior
  7486 | D:11     | Noticed a skeletal warrior
  7486 | D:11     | Noticed a skeletal warrior
  7665 | D:9      | Killed a five-headed hydra
  7875 | D:11     | Received a gift from Trog
  7948 | D:11     | Noticed a hill giant
  7955 | D:11     | Killed a hill giant
  7955 | D:11     | Reached skill level 12 in Long Blades
  8054 | D:11     | Found a runed door.
  8075 | D:11     | Killed a skeletal warrior
  8075 | D:11     | Reached skill level 1 in Staves
  8083 | D:11     | Killed a skeletal warrior
  8341 | D:11     | Noticed a hill giant
  8341 | D:11     | Noticed a hill giant
  8363 | D:11     | Reached skill level 13 in Long Blades
  8367 | D:11     | Killed a hill giant
  8381 | D:11     | Killed a hill giant
  8382 | D:11     | Reached XP level 12. HP: 87/108 MP: 9/9
  8398 | D:11     | Noticed an ettin
  8402 | D:11     | Killed an ettin
  8675 | D:12     | Noticed a seven-headed hydra
  8681 | D:12     | Killed a seven-headed hydra
  8959 | D:12     | Reached skill level 14 in Long Blades
  9012 | D:12     | Noticed a centaur warrior
  9025 | D:12     | Killed a centaur warrior
  9303 | D:12     | Found a staircase to the Orcish Mines.
 10366 | Lair:1   | Reached skill level 15 in Long Blades
 10501 | Lair:1   | Killed Fannar
 10583 | Lair:1   | Lost mutation: You are resistant to hostile enchantments. [potion of cure mutation]
 10583 | Lair:1   | Lost mutation: Your magical capacity is low (-10% MP). [potion of cure mutation]
 10583 | Lair:1   | Lost mutation: You can breathe flames. [potion of cure mutation]
 10583 | Lair:1   | Lost mutation: Your spells are a little harder to cast, but a little more powerful. [potion of cure mutation]
 11168 | Lair:2   | Received a gift from Trog
 11762 | Lair:2   | Noticed a five-headed hydra
 11774 | Lair:2   | Killed a five-headed hydra
 11774 | Lair:2   | Reached XP level 13. HP: 60/117 MP: 4/12
 12191 | Lair:3   | Found a frozen archway.
 12268 | IceCv    | Entered an ice cave
 12796 | IceCv    | Reached skill level 16 in Long Blades
 12862 | IceCv    | Got a sparkling brass ring
 12880 | IceCv    | Identified the ring "Wipn" {Wiz *Contam Int+6 Dex+7} (You found it in an ice cave)
 13011 | Lair:3   | Reached skill level 10 in Dodging
 13029 | Lair:3   | Received a gift from Trog
 13101 | Lair:3   | Got a smoking ring mail
 13112 | Lair:3   | Identified the +5 ring mail of Upteof {rN+ SInv Stlth+} (You found it on level 3 of the Lair of Beasts)
 14026 | Lair:4   | Found a staircase to the Shoals.
 14309 | Lair:5   | Noticed Nessos
 14387 | Lair:5   | Killed Nessos
 14585 | Lair:5   | Found a white marble altar of Elyvilon.
 14656 | Lair:5   | Found a hole to the Spider Nest.
 14825 | Lair:5   | Found a dark tunnel.
 14829 | Lair:5   | Reached skill level 17 in Long Blades
 14845 | Volcano  | Entered a volcano
 15452 | Lair:6   | Noticed Rupert
 15470 | Lair:6   | Killed Rupert
 15961 | Lair:7   | Reached XP level 14. HP: 127/127 MP: 13/13
 16085 | Lair:7   | Reached skill level 1 in Evocations
 16110 | Lair:7   | Got a pitted battleaxe
 16111 | Lair:7   | Identified the +8 battleaxe of the Warrior-Mage {freeze, +Blink rF+ Int+2 Dex-4} (You found it on level 7 of the Lair of Beasts)
 16192 | Lair:7   | Got a translucent lajatang
 16195 | Lair:7   | Identified the +5 lajatang of Dishonesty {pain, rPois rC+ rN+ MR+} (You found it on level 7 of the Lair of Beasts)
 16331 | Lair:7   | Received a gift from Trog
 16334 | Lair:7   | Reached skill level 18 in Long Blades
 16858 | Lair:8   | Entered Level 8 of the Lair of Beasts
 17039 | Lair:8   | Noticed Snorg
 17047 | Lair:8   | Killed Snorg
 17435 | Lair:8   | Paralysed by a hornet for 3 turns
 17441 | Lair:8   | Paralysed by a hornet for 2 turns
 17444 | Lair:8   | HP: 7/193 [poisoned by a hornet]
 17444 | Lair:8   | Killed from afar by a guardian serpent

Vault maps used:
D:1:      scummos_arrival_star
D:2:      first_bread
D:3:      tso_metal_star, uniq_iyjb
D:4:      uniq_sigmund, uniq_eustachio, uniq_robin, uniq_duvessa
D:5:      lemuel_round_altar, kennysheep_mini_moat, serial_shops, shop,
          guppyfry_shop_venom
D:6:      minmay_temple_entry_purple_smoke, serial_shops, shop,
          minmay_fountain_box, hangedman_abyss_or_decor_jellyfish_corner
D:7:      nicolae_underground_beach, uniq_joseph
D:8:      old_standard_altar, the_bakery
D:9:      lair_0_dummy
D:10:     spider_trap
D:11:     lightli_airlock
D:12:     orc_0_dummy
Lair:1:   uniq_fannar
Lair:2:   st_stairs_8, serial_bayou_crossing
Lair:3:   portal_ice_cave_entry_imps
Lair:4:   minmay_shoals_entry_beasts
Lair:5:   spider_nest_entry_funnel_web, enter_volcano_3, basic_altar,
          eino_small_chamber_without_monster, roderic_carrion_pond, uniq_nessos
Lair:6:   uniq_rupert
Lair:7:   st_stairs_6
Lair:8:   hangedman_lair_tendril_chambers, wormcave,
          dpeg_slime_entry_enclosed_altar, uniq_snorg
IceCv:    ice_cave_small_dragons
Volcano:  volcano_overflow

Action                   |  1- 3 |  4- 6 |  7- 9 | 10-12 | 13-15 || total
-------------------------+-------+-------+-------+-------+-------++-------
Melee: Mace              |   114 |    83 |     6 |       |       ||   203
       Great mace        |       |       |    79 |       |       ||    79
       Great sword       |       |       |    55 |    29 |   132 ||   216
       Long sword        |       |       |    75 |   290 |       ||   365
       Triple sword      |       |       |       |   386 |   438 ||   824
       Quarterstaff      |       |       |       |    15 |    22 ||    37
       Lajatang          |       |       |       |       |    11 ||    11
       Double sword      |       |       |       |       |     5 ||     5
Throw: Javelin           |       |       |       |     1 |       ||     1
Invok: Berserk           |     1 |     4 |     5 |    16 |     9 ||    35
       Burn Spellbooks   |       |       |       |     2 |     4 ||     6
       Brothers in Arms  |       |       |       |     3 |     3 ||     6
       Trog's Hand       |       |       |       |       |     2 ||     2
 Abil: Breathe Fire      |       |       |     2 |     4 |       ||     6
       Evoke Blink       |       |       |       |       |     2 ||     2
       Evoke Invisibilit |       |       |       |       |     1 ||     1
Evoke: Wand              |       |       |     1 |       |       ||     1
       Fan of gales      |       |       |       |       |     1 ||     1
  Use: Potion            |       |     4 |     1 |    17 |     7 ||    29
       Scroll            |       |       |     9 |    16 |    12 ||    37
 Stab: Sleeping          |     1 |       |       |       |       ||     1
  Eat: Chunk             |     4 |     6 |    10 |    23 |     9 ||    52
       Bread ration      |       |       |     1 |     3 |     3 ||     7
       Pizza             |       |       |     1 |     1 |     1 ||     3
       Royal jelly       |       |       |       |     3 |     1 ||     4
       Fruit             |       |       |       |     2 |     5 ||     7
       Meat ration       |       |       |       |     1 |     1 ||     2
       Beef jerky        |       |       |       |       |     1 ||     1
